 Dungeon Crawl Stone Soup version 0.18.1-6-gd335043 (webtiles) character file.

102 ololoev the Chucker (level 4, -1/37 HPs)
             Began as a Minotaur Hunter on May 16, 2016.
             Was an Initiate of Elyvilon.
             Slain by a goblin (3 damage)
             ... on level 2 of the Dungeon.
             The game lasted 00:02:14 (1701 turns).

ololoev the Chucker (Minotaur Hunter)               Turns: 1701, Time: 00:02:15

Health: -1/37      AC:  3    Str: 18    XL:     4   Next: 50%
Magic:  12/12      EV: 12    Int:  8    God:    Elyvilon [......]
Gold:   146        SH:  0    Dex: 10    Spells: 0 memorised, 3 levels left

rFire  . . .     SeeInvis .     a - +1 hand axe (flame)
rCold  . . .     Gourm    .     b - +0 leather armour
rNeg   . . .     Faith    .     (no shield)
rPois  .         Spirit   .     (helmet restricted)
rElec  .         Dismiss  .     (no cloak)
rCorr  .         Reflect  .     (no gloves)
SustAt .         Harm     .     (no boots)
MR     .....                    (no amulet)
Stlth  +.........               (no ring)
                                j - ring of magical power (curse)

@: not resistant to hostile enchantments, very unstealthy
A: retaliatory headbutt, horns 2
a: Renounce Religion


Innate Abilities, Weirdness & Mutations

You reflexively headbutt those who attack you in melee.
You have a pair of horns on your head.

Inventory:

Hand Weapons
 a - a +1 hand axe of flaming (weapon)
Missiles
 c - 6 javelins (quivered)
 d - 2 throwing nets
Armour
 b - a +0 leather armour (worn)
Jewellery
 j - a cursed ring of magical power (left hand)
Scrolls
 k - 2 scrolls of remove curse {unknown}
 l - 2 scrolls of identify {unknown}
 m - a scroll of immolation {unknown}
 o - a scroll of teleportation {unknown}
Potions
 e - a potion of mutation {unknown}
 n - a potion of brilliance {unknown}
Comestibles
 f - 2 bread rations
 g - a fruit
 h - a beef jerky
 i - a slice of pizza


   Skills:
 + Level 2.9 Fighting
 * Level 1.3 Axes
 * Level 4.9 Throwing
 + Level 1.0 Armour
 + Level 3.3 Dodging
 - Level 0.7 Stealth
 + Level 0.2 Invocations


You had 3 spell levels left.
You didn't know any spells.


You were on level 2 of the Dungeon.
You worshipped Elyvilon.
Elyvilon was noncommittal.
You were hungry.

You visited 1 branch of the dungeon, and saw 2 of its levels.

You collected 146 gold pieces.

#.#.######.#.#
#.#........#.#
#.##########.#
######.... #.#
.....#..# #.#
......... #.#
.....#############.#
...............l.#.#
###.####### ###@#.#
........... ..#g#.#
###.##########.#.#.#
#.#..........#g#.#
#.#........g.#.#.#
#.#.########.#.#.#
#.#............#.#
#.# ######.#####.##
#.# #.............#

Notes
Turn   | Place    | Note
--------------------------------------------------------------
     0 | D:1      | ololoev the Minotaur Hunter began the quest for the Orb.
     0 | D:1      | Reached XP level 1. HP: 18/18 MP: 0/0
    35 | D:1      | Reached XP level 2. HP: 8/25 MP: 1/1
   613 | D:1      | Reached XP level 3. HP: 27/30 MP: 2/2
   977 | D:2      | Found a snail-covered altar of Cheibriados.
   980 | D:2      | Found a sparkling altar of Nemelex Xobeh.
   985 | D:2      | Found a shattered altar of Ashenzari.
  1023 | D:2      | Reached skill level 1 in Armour
  1024 | D:2      | Found a white marble altar of Elyvilon.
  1038 | D:2      | Became a worshipper of Elyvilon the Healer
  1071 | D:2      | Found an opulent altar of Gozag.
  1246 | D:2      | Reached XP level 4. HP: 29/37 MP: 3/3
  1454 | D:2      | Reached skill level 1 in Axes
  1693 | D:2      | HP: 1/37 [gnoll/halberd (8)]
  1701 | D:2      | Slain by a goblin

Dungeon Overview and Level Annotations

Branches:
Dungeon (2/15)

Altars:
Ashenzari
Cheibriados
Elyvilon
Gozag
Nemelex Xobeh


Message History

You are poisoned.
The adder poisons you!
You hit the adder. You burn the adder.
You kill the adder!
You feel sick.
No target in view!
No target in view!
No target in view!
No target in view!
No target in view!
No target in view!
No target in view!
No target in view!
No target in view!
No target in view!
No target in view!
You feel sick.
You feel sick.
There is a stone staircase leading down here.
You feel sick.
You feel sick.
You are no longer poisoned.
A rat comes into view.
A rat is nearby!
A rat is nearby!
A rat is nearby!
The rat bites you.
You hit the rat. You burn the rat.
You kill the rat!
No target in view!
No target in view!
No target in view!
No target in view!
No target in view!
No target in view!
No target in view!
No target in view!
A rat, a goblin and a gnoll come into view.
The gnoll shouts!
There are monsters nearby!
There are monsters nearby!
There are monsters nearby!
The goblin shouts!
The gnoll hits you from afar with a halberd!
You slash the rat! You burn the rat.
You kill the rat!
The gnoll hits you from afar with a halberd.
You are too injured to fight recklessly!
You are too injured to fight recklessly!
You are too injured to fight recklessly!
You are too injured to fight recklessly!
You are too injured to fight recklessly!
You are too injured to fight recklessly!
You are too injured to fight recklessly!
You are too injured to fight recklessly!
You are too injured to fight recklessly!
You are too injured to fight recklessly!
You are too injured to fight recklessly!
You are too injured to fight recklessly!
You are too injured to fight recklessly!
You are too injured to fight recklessly!
You are too injured to fight recklessly!
You are too injured to fight recklessly!
You are too injured to fight recklessly!
You are too injured to fight recklessly!
You are too injured to fight recklessly!
You are too injured to fight recklessly!
The goblin hits you but does no damage. The gnoll hits you with a halberd!
You hit the gnoll but do no damage. You closely miss the goblin.
The goblin hits you. The gnoll misses you.
Unknown command.
You are feeling hungry.
The gnoll hits you from afar with a halberd!
The goblin barely misses you.
A giant newt comes into view.
You closely miss the giant newt. The giant newt misses you.
Drink which item? (? for menu, Esc to quit)
It was a potion of cancellation.
You feel magically purged. The goblin hits you.
You die...

You could see a gnoll, a goblin and a giant newt.

Vanquished Creatures
  A gnoll (D:1)
  5 adders (D:2)
  A dart slug (D:1)
  A giant gecko (D:2)
  2 bats (D:1)
  4 giant cockroaches
  4 goblins
  6 hobgoblins
  4 jackals (D:1)
  4 kobolds
  2 giant newts (D:1)
  9 rats
43 creatures vanquished.

Action                   |  1- 3 |  4- 6 || total
-------------------------+-------+-------++-------
Melee: Short sword       |    59 |       ||    59
       Headbutt          |     4 |     1 ||     5
       Hand axe          |    15 |    19 ||    34
Throw: Javelin           |     2 |       ||     2
  Use: Potion            |       |     1 ||     1
 Stab: Sleeping          |       |     1 ||     1
  Eat: Chunk             |     1 |     1 ||     2
Armor: Leather armour    |    18 |     7 ||    25
Dodge: Dodged            |    68 |     6 ||    74

Vault maps used:
D:1:      dpeg_arrival_chase, columned_hall_lemuel
D:2:      elyvilon_altar_5, grunt_temple_overflow_open,
          nicolae_gozag_cash_rules_everything_around_me
